 Dungeon Crawl Stone Soup version 0.23-a0-14-g8c9a20f (webtiles) character file.

511 Amnesiac the Conjurer (level 6, 0/41 HPs)
             Began as a Mummy Fire Elementalist on Aug 2, 2018.
             Slain by a porcupine (5 damage)
             ... on level 4 of the Dungeon.
             The game lasted 00:08:46 (3708 turns).

Amnesiac the Conjurer (Mummy Fire Elementalist)     Turns: 3708, Time: 00:08:47

Health: 0/41       AC:  3    Str: 11    XL:     6   Next: 99%
Magic:  1/12       EV: 12    Int: 17    God:
Gold:   136        SH:  0    Dex: 12    Spells: 3/13 levels left

rFire    x . .     SeeInvis .   (no weapon)
rCold    + . .     Gourm    .   (no shield)
rNeg     + + +     Faith    .   a - +1 robe
rPois    ∞         Spirit   .   (no helmet)
rElec    .         Reflect  .   (no cloak)
rCorr    +         Harm     .   (no gloves)
MR       .....                  (no boots)
Stlth    ++........             (no amulet)
HPRegen  0.13/turn              b - ring of resist corrosion
MPRegen  0.13/turn              (no ring)

@: very slightly contaminated
A: no food or potions, fire vulnerability, cold resistance 1, negative energy
resistance 3, torment resistance, unbreathing
a: no special abilities


You were on level 4 of the Dungeon.
You were not hungry.

You visited 1 branch of the dungeon, and saw 5 of its levels.

You collected 136 gold pieces.

Inventory:

Armour
 a - a +1 robe (worn)
Jewellery
 b - a ring of resist corrosion (left hand)
Wands
 g - a wand of paralysis (15)
 h - a wand of polymorph (10)
Scrolls
 d - 2 scrolls of remove curse {!r}
 f - a scroll of amnesia {!r}
 i - a scroll of identify {!r}


   Skills:
 - Level 1.5 Dodging
 - Level 1.5 Stealth
 + Level 4.3 Spellcasting
 * Level 4.3 Conjurations
 * Level 4.2 Fire Magic


You had 3 spell levels left.
You knew the following spells:

 Your Spells              Type           Power        Failure   Level  Hunger
a - Flame Tongue          Conj/Fire      ###..        2%          1    N/A
b - Throw Flame           Conj/Fire      ###...       4%          2    N/A
e - Sticky Flame          Conj/Fire      ###.....     26%         4    N/A
s - Conjure Flame         Conj/Fire      ###.....     8%          3    N/A

Your spell library contained the following spells:

 Spells                   Type           Power        Failure   Level  Hunger
 Fireball                 Conj/Fire      ###.......   58%         5    N/A
 Inner Flame              Hex/Fire       ##......     19%         3    N/A

Dungeon Overview and Level Annotations

Branches:
Dungeon (5/15)
 Temple: D:4-7

Altars:
Ashenzari
Elyvilon
Gozag
Hepliaklqana
Okawaru
Zin


Innate Abilities, Weirdness & Mutations

You do not eat or drink.
Your flesh is vulnerable to fire.
You are immune to poison.
Your flesh is cold resistant. (rC+)
You are immune to negative energy. (rN+++)
You are immune to unholy pain and torment.
You can survive without breathing.


Message History

HP restored.
Okay, then.
The orc wizard shouts!
The orc wizard gestures wildly while chanting.
The orc wizard flickers and vanishes!
Deactivating autopickup; reactivate with Ctrl-A.
The ogre is too close now for your liking.
An ogre is nearby!
An ogre is nearby!
A magic dart appears from out of thin air!
The magic dart hits you! Something hits you.
Casting: Flame Tongue (safe; 2% risk of failure)
Confirm with . or Enter, or press ? or * to list all spells.
Aiming: Sticky Flame (quite dangerous; 26% risk of failure)
Press: ? - help, Shift-Dir - straight line You miscast Sticky Flame.
You are very lightly contaminated with residual magic.
Your bandages flutter.
You hear some strange, mumbled words.
A magic dart appears from out of thin air!
The magic dart hits you!
Casting: Sticky Flame (quite dangerous; 26% risk of failure)
Confirm with . or Enter, or press ? or * to list all spells.
Aiming: Sticky Flame (quite dangerous; 26% risk of failure)
Press: ? - help, Shift-Dir - straight line You miscast Sticky Flame.
Your bandages flutter.
Something hits you.
Casting: Sticky Flame (quite dangerous; 26% risk of failure)
Confirm with . or Enter, or press ? or * to list all spells.
Aiming: Sticky Flame (quite dangerous; 26% risk of failure)
Press: ? - help, Shift-Dir - straight line You miscast Sticky Flame.
You have a brief vision of globes of primordial fire.
Something hits you.
Really read
c - a scroll labeled ROIDOSKALO {!r}?
As you read the scroll labeled ROIDOSKALO {!r}, it crumbles to dust.
It is a scroll of enchant armour.
Your +0 robe glows green for a moment.
You hear some strange, mumbled words.
A magic dart appears from out of thin air!
The magic dart hits you!
* * * LOW HITPOINT WARNING * * *
Okay, then.
Evoke which item? (* to show all) (? for menu, Esc to quit)
Aiming: Paralyse
Press: ? - help, Shift-Dir - straight line, f - ogre
Aim: an ogre, wielding a giant club (chance to defeat MR: 46%)
The ogre suddenly stops moving!
Something hits you.
* * * LOW HITPOINT WARNING * * *
Evoke which item? (* to show all) (? for menu, Esc to quit)
Aiming: Polymorph
Press: ? - help, Shift-Dir - straight line, p - ogre Nothing appears to happen.
You hear some strange, mumbled words.
A magic dart appears from out of thin air!
The magic dart hits you!
* * * LOW HITPOINT WARNING * * *
Evoke which item? (* to show all) (? for menu, Esc to quit)
Aiming: Polymorph
Press: ? - help, Shift-Dir - straight line A porcupine appears out of thin air!
Reactivating autopickup.
The porcupine bites you.
You die...

###..#.#####....#......#
######..#.# #.###)#.###.#
#..[...>..# #.# #...###.#
#.####[...# #.# ##......# #.#
#.....# #.####..###.####### ..#
#..#..#####.......# #.......# %.#
#..#.......(###...###.#####.. ###
#..##.#####r###..............
#..##.# #.@.O.....#######..
#..##.# #####.....# ### #..
#..##.## #.....#######..
#####..#...## #..#....'_+....
............#######..##.###'###..
#####................##.# #.# #..
#......O####.##.###.###.###.# ##
####...## #.##.# #.........# .#
##.## #.##<###.#########


You could see an ogre (paralysed) and a porcupine.

Vanquished Creatures
  Eustachio (D:4)
  A jelly (D:5)
  An orc priest (D:4)
  3 orc wizards
  4 worker ants
  4 gnolls (D:4)
  4 adders
  2 oozes
  A worm (D:4)
  3 leopard geckos
  5 orcs
  A giant cockroach (D:4)
  2 goblins (D:3)
  4 jackals (D:3)
  5 kobolds
  2 bats
  3 frilled lizards
  2 leopard gecko skeletons
  3 rats
51 creatures vanquished.

Notes
Turn   | Place    | Note
-------+----------+-------------------------------------------
     0 | D:1      | Amnesiac the Mummy Fire Elementalist began the quest for the Orb.
     0 | D:1      | Reached XP level 1. HP: 13/13 MP: 4/4
    29 | D:1      | Reached skill level 1 in Conjurations
   243 | D:1      | Reached XP level 2. HP: 2/19 MP: 0/5
   799 | D:3      | Found an iron altar of Okawaru.
   804 | D:3      | Reached XP level 3. HP: 24/24 MP: 5/7
   900 | D:3      | Learned a level 3 spell: Conjure Flame
  1038 | D:4      | Found a glowing silver altar of Zin.
  1039 | D:4      | Found an opulent altar of Gozag.
  1044 | D:4      | Reached XP level 4. HP: 30/30 MP: 2/8
  1249 | D:4      | Learned a level 2 spell: Throw Flame
  1808 | D:4      | Found a hazy altar of Hepliaklqana.
  1927 | D:4      | Found a white marble altar of Elyvilon.
  1960 | D:4      | Reached XP level 5. HP: 24/35 MP: 1/9
  2011 | D:4      | Learned a level 4 spell: Sticky Flame
  2045 | D:4      | Noticed Eustachio
  2356 | D:5      | Entered Level 5 of the Dungeon
  2913 | D:4      | Reached XP level 6. HP: 41/41 MP: 5/11
  3044 | D:4      | Killed Eustachio
  3127 | D:4      | Found a shattered altar of Ashenzari.
  3708 | D:4      | Noticed a porcupine
  3708 | D:4      | Slain by a porcupine

Vault maps used:
D:1:      dpeg_arrival_houses_and_road, serial_bayou_pond_e
D:2:      lemuel_coloured_pillars_altar, nemelex_xobeh_ov_fountains_minmay,
          kennysheep_nondescript, minmay_misc_feat_chi, chequers_big_river
D:3:      okawaru_gym_becter
D:4:      grunt_temple_overflow_gold_and_silver, ashenzari_altar_1,
          nicolae_overflow_hidden_temple, kennysheep_little_box,
          lemuel_doored_altar, first_ration, minmay_small_thing, uniq_eustachio
D:5:      grunt_temple_overflow_open, minmay_temple_entry_trees, basic_altar

Skill      XL: |  1  2  3  4  5  6 |
---------------+-------------------+-----
Conjurations   | 1 2 3 4 |  4.3
Spellcasting   | 3 4 |  4.3
Fire Magic     | 3 4 |  4.2
Dodging        | |  1.5
Stealth        | |  1.5

Action                   |  1- 3 |  4- 6 || total
-------------------------+-------+-------++-------
Melee: Unarmed           |     6 |     4 ||    10
 Cast: Flame Tongue      |    46 |    97 ||   143
       Throw Flame       |       |     1 ||     1
       Sticky Flame      |       |     6 ||     6
       Conjure Flame     |       |     1 ||     1
Evoke: Wand              |       |     3 ||     3
  Use: Scroll            |     1 |     6 ||     7
Armor: Robe              |     6 |     3 ||     9
Dodge: Dodged            |    25 |    43 ||    68

Table legend:
 A = Spawn XP
 B = Non-spawn XP
 C = Spawn XP percentage of total XP
 D = Spawn monster count
 E = Non-spawn monster count
 F = Spawn count percentage of total count
 G = Total turns spent on level
                    A         B        C        D         E        F      G
               +---------+---------+-------+---------+---------+-------+---------
         Total |       0 |     730 |   0.0 |       0 |      51 |   0.0 |  3708
               +---------+---------+-------+---------+---------+-------+---------
           D:1 |       0 |      13 |   0.0 |       0 |       5 |   0.0 |   520
           D:2 |       0 |       1 |   0.0 |       0 |       1 |   0.0 |    66
           D:3 |       0 |      95 |   0.0 |       0 |      19 |   0.0 |   805
           D:4 |       0 |     533 |   0.0 |       0 |      22 |   0.0 |  1887
           D:5 |       0 |      88 |   0.0 |       0 |       4 |   0.0 |   430
               +---------+---------+-------+---------+---------+-------+---------
